 Dungeon Crawl Stone Soup version 0.26.1-2-gb8aa6d0cf2 (webtiles) character file.

Game seed: 6304206424779160403

129327 promet the Severer (level 16, -16/172 HPs)
             Began as a Minotaur Fighter on Mar 18, 2021.
             Was a High Priest of Wu Jian.
             Demolished by a hellephant (32 damage)
             ... on level 4 of the Abyss on Mar 20, 2021.
             The game lasted 05:33:43 (42506 turns).

promet the Severer (Minotaur Fighter)              Turns: 42506, Time: 05:33:44

Health: -16/172    AC: 23    Str: 23    XL:     16   Next: 50%
Magic:  16/16      EV: 14    Int:  8    God:    Wu Jian [*****.]
Gold:   3784       SH: 25    Dex: 12    Spells: 14/16 levels left

rFire    . . .     SeeInvis .   q - +3 broad axe (freeze)
rCold    . . .     Faith    .   l - +1 tower shield
rNeg     . . .     Spirit   .   B - +6 scale mail {rPois}
rPois    +         Reflect  +   (helmet unavailable)
rElec    +         Harm     .   (no cloak)
rCorr    .         Rampage  .   (no gloves)
Will     +....                  (no boots)
Stlth    ..........             G - amulet of reflection
HPRegen  0.38/turn              N - +4 ring of protection
MPRegen  0.15/turn              h - +4 ring of protection

@: about to teleport, studying Dodging
A: retaliatory headbutt, horns 3, robust 1, electricity resistance
a: Renounce Religion, Wall Jump, Serpent's Lash, Heavenly Storm


You were on level 4 of the Abyss.
You worshipped Wu Jian.
Wu Jian was extremely pleased with you.
You visited 4 branches of the dungeon, and saw 26 of its levels.
You visited the Abyss 1 time.
You also visited: Ossuary.

You collected 5502 gold pieces.
You spent 1718 gold pieces at shops.

Inventory:

Hand Weapons
 a - a +5 vorpal executioner's axe
 b - the +7 hand crossbow "Death Rattle" {penet, rF+ Int+2}
   (You found it on level 14 of the Dungeon)

   Ammo fired by it passes through the targets it hits, potentially hitting all
   targets in its path until it reaches maximum range.
   It affects your intelligence (+2).
   It protects you from fire.
 g - a +0 trident of venom
 j - a +3 great sword of freezing
 m - a +0 triple crossbow
 q - a +3 broad axe of freezing (weapon)
 T - the +8 mace "Demonbane" {vorpal, rC- Will+ Stlth+}
   (You bought it in a shop on level 2 of the Orcish Mines)

   It inflicts extra damage upon your enemies.
   It makes you vulnerable to cold.
   It affects your willpower, your defense against some magical effects.
   It makes you more stealthy.
 Z - the +7 morningstar "Dun Pia" {protect, rC- rN++ Str-2 Stlth+}
   (You found it on level 3 of the Lair of Beasts)

   It grants its wielder temporary protection when it strikes (+7 to AC).
   It affects your strength (-2).
   It makes you vulnerable to cold.
   It greatly protects you from negative energy.
   It makes you more stealthy.
Missiles
 e - 231 sling bullets
 k - 60 poisoned darts
 F - 205 bolts
 P - 24 boomerangs (quivered)
 W - 20 curare-tipped darts
Armour
 l - a +1 tower shield (worn)
 v - the +3 buckler of Weirdness {rF+ Slay+3}
   (You found it on level 6 of the Dungeon)

   It affects your accuracy and damage with ranged weapons and melee attacks
   (+3).
   It protects you from fire.
 B - a +6 scale mail of poison resistance (worn)
 R - a +10 plate armour
 S - a +3 buckler of protection
Jewellery
 d - an uncursed ring of resist corrosion
 h - a +4 ring of protection (right hand)
 n - a +6 ring of dexterity
 s - an uncursed ring of ice
 x - a +6 ring of intelligence
 D - the ring "Nowen" {rElec Int+6}
   (You found it on level 6 of the Lair of Beasts)

   [ring of intelligence]

   It affects your intelligence (+6).
   It insulates you from electricity.
 G - an amulet of reflection (around neck)
 I - the ring "Zaol Pad" {*Tele rC+++ Str-2 Int+4 Dex-2 SInv}
   (You found it on level 7 of the Dungeon)

   [ring of teleportation]

   It may teleport you next to monsters.
   It affects your strength (-2).
   It affects your intelligence (+4).
   It affects your dexterity (-2).
   It renders you almost immune to cold.
   It lets you see invisible.
 K - an uncursed ring of flight
 N - a +4 ring of protection (left hand)
 Q - an uncursed amulet of regeneration
 U - an uncursed ring of see invisible
Wands
 z - a wand of iceblast (29)
 A - a wand of disintegration (37)
 C - a wand of paralysis (13)
 J - a wand of enslavement (7)
 M - a wand of acid (5)
 O - a wand of flame (98)
Scrolls
 f - 15 scrolls of identify
 i - a scroll of fear
 o - 12 scrolls of remove curse
 t - 8 scrolls of magic mapping
 y - 7 scrolls of teleportation
Potions
 p - a potion of might
 w - 8 potions of curing
 E - 3 potions of berserk rage
 L - 2 potions of brilliance
Books
 c - a manual of Dodging
Miscellaneous
 u - a tin of tremorstones (2/2)
 V - a condenser vane
 X - a box of beasts


   Skills:
 * Level 18.1 Fighting
 + Level 18.3(18.9) Axes
 + Level 8.3(14.5) Maces & Flails
 + Level 0.2(12.4) Polearms
 + Level 3.8(5.3) Slings
 + Level 5.2 Crossbows
 + Level 5.0(5.6) Throwing
 + Level 12.0 Armour
 + Level 12.3 Dodging
 + Level 2.0 Stealth
 + Level 13.4 Shields
 + Level 1.4 Unarmed Combat
 + Level 0.8 Spellcasting
 + Level 0.5 Necromancy
 + Level 1.3 Evocations


You had 14 spell levels left.
You knew the following spells:

 Your Spells              Type           Power        Failure   Level
a - Animate Skeleton      Necr           2%           96%         1
b - Sandblast             Erth           0%           98%         1

Your spell library contained the following spells:

 Spells                   Type           Power        Failure   Level
 Pain                     Necr           4%           96%         1
 Apportation              Tloc           0%           98%         1
 Corona                   Hex            0%           98%         1
 Magic Dart               Conj           0%           98%         1
 Summon Small Mammal      Summ           0%           98%         1
 Blink                    Tloc           N/A          99%         2
 Call Imp                 Summ           0%           99%         2
 Passwall                 Tmut/Erth      0%           99%         2
 Searing Ray              Conj           0%           99%         2
 Slow                     Hex            0%           99%         2
 Swiftness                Air            0%           99%         2
 Confusing Touch          Hex            0%           100%        3
 Conjure Flame            Conj/Fire      0%           100%        3
 Dazzling Flash           Conj/Hex       0%           100%        3
 Gell's Gravitas          Tloc           0%           100%        3
 Mephitic Cloud           Conj/Pois/Air  0%           100%        3
 Stone Arrow              Conj/Erth      0%           100%        3
 Vampiric Draining        Necr           0%           100%        3
 Animate Dead             Necr           0%           100%        4
 Fulminant Prism          Conj/Hex       0%           100%        4
 Iskenderun's Mystic Bla  Conj/Tloc      0%           100%        4
 Passage of Golubria      Tloc           N/A          100%        4
 Petrify                  Tmut/Erth      0%           100%        4
 Summon Lightning Spire   Summ/Air       0%           100%        4
 Agony                    Necr           1%           100%        5
 Lee's Rapid Deconstruct  Erth           0%           100%        5
 Metabolic Englaciation   Hex/Ice        0%           100%        5
 Silence                  Hex/Air        0%           100%        5
 Yara's Violent Unravell  Hex/Tmut       0%           100%        5
 Conjure Ball Lightning   Conj/Air       0%           100%        6
 Freezing Cloud           Conj/Ice/Air   0%           100%        6
 Invisibility             Hex            0%           100%        6
 Tornado                  Air            0%           100%        9


Dungeon Overview and Level Annotations

Branches:
Dungeon (15/15)            Temple (0/1) D:4            Lair (6/6) D:11
  Swamp (3/4) Lair:2       Spider (0/4) Lair:4        Slime (0/5) Lair:5
    Orc (2/2) D:9             Elf (0/3) Orc:2        Depths (0/5) D:15
Ossuary (visited)
 Vaults: D:13-14

Altars:
Ashenzari
Dithmenos
Makhleb
Qazlal
Ru
Wu Jian
Xom
Zin

Shops:
D:6 =   D:7 }?}!   D:12 (   Orc:2 ([((

Portals:
Bazaar: D:15

Annotations:
D:10 1 runed translucent door, axecop's ghost, journeyman NaDe
D:11 1 runed translucent door, teolandon225's ghost, journeyman GrGl
D:14 2 transporters, Cofimnas's ghost, journeyman FoFi
Swamp:1 Cheops's ghost, adept DgEE
Swamp:3 2 runed translucent doors, Qemahefa's ghost, adept GrFi


Innate Abilities, Weirdness & Mutations

You reflexively headbutt those who attack you in melee.
You have a pair of large horns on your head.
You are robust. (+10% HP)
You are resistant to electric shocks. (rElec)


Message History

You slice the hellephant!! You freeze the hellephant!
You headbutt the hellephant.
The hellephant is heavily wounded.
You slice the purple draconian annihilator!!
You freeze the purple draconian annihilator.
You closely miss the guardian serpent.
You feel sick.
You block the guardian serpent's attack.
You block the naga warrior's attack.
You block the purple draconian annihilator's attack.
The hellephant tramples you!!
* * * LOW HITPOINT WARNING * * *
You hold your ground!
The hellephant bites you!
* * * LOW HITPOINT WARNING * * *
The hellephant gores you but does no damage.
You feel better. The guardian serpent hits you!
* * * LOW HITPOINT WARNING * * *
The purple draconian annihilator gestures wildly while chanting.
The purple draconian annihilator blinks!
You block the naga warrior's attack. The hellephant tramples you!!
You die...

. ## .# .
#.## .# ...
######. .#
#....N###.##
#
##..#.#Y#§..#
#.......S@§#
# ##..?##§.§#
#.##..####q.#
#. #...# .##
# ##..# # #.#
##†.# #.3####
#. ####. WS #
.. #. .
3Y#...#.#..


You could see a hellephant, a naga warrior, a purple draconian annihilator and a
guardian serpent.

Vanquished Creatures
  Kirke (Lair:4)
  Gastronok (D:11)
  An emperor scorpion (D:15)
  A dire elephant (D:15)
  5 bunyips
  Josephine (Lair:4)
  2 eleionomae
  A boulder beetle (Lair:5)
  A merfolk avatar (Lair:6)
  14 hydras
  Harold (D:9)
  Erolcha (D:11)
  6 centaur warriors
  A catoblepas (Lair:4)
  7 two-headed ogres
  An ogre mage (D:15)
  3 ghost crabs
  2 tengu warriors (D:13)
  6 alligators
  6 death yaks (Lair:4)
  3 orc high priests (Orc:2)
  Urug (Lair:2)
  An unseen horror (Abyss:4)
  2 sea snakes (Lair:6)
  3 spriggan druids
  2 swamp dragons
  4 orc knights (Orc:2)
  Pikel (D:7)
  4 orc sorcerers (Orc:2)
  2 deep elf magi
  3 cyclopes
  10 ugly things (D:13)
  5 will-o-the-wisps
  A worldbinder (Abyss:4)
  A salamander (D:15)
  An oklob plant (Lair:3)
  14 elephants
  5 manticores
  Joseph (D:7)
  2 gargoyles (D:15)
  An ice statue (Lair:6)
  7 black mambas
  8 cane toads
  Maggie (Lair:2)
  An efreet (D:13)
  8 rime drakes
  11 komodo dragons
  2 freezing wraiths
  6 trolls
  6 polar bears
  Prince Ribbit (D:9)
  12 slime creatures
  A raiju (Abyss:4)
  15 hornets
  8 tyrant leeches
  8 blink frogs
  4 dream sheep (Lair:6)
  17 flying skulls
  A ynoxinul (Abyss:4)
  2 water elementals (D:13)
  2 redbacks (Lair:4)
  12 spriggans
  2 shadows
  4 wraiths
  3 vampires (D:14)
  8 basilisks
  40 yaks
  6 wyverns
  Grum (D:11)
  3 humans (D:14)
  A steam dragon (Lair:3)
  6 vampire mosquitoes (Swamp:2)
  3 hogs
  Menkaure (D:4)
  11 swamp worms
  2 wargs (Orc:2)
  A soldier ant (D:11)
  17 water moccasins
  21 orc warriors
  2 swamp drakes (Swamp:1)
  7 ice beasts
  6 black bears
  An eye of draining (D:10)
  A necrophage (D:9)
  3 phantoms
  5 sky beasts
  9 ogres
  10 wolves
  14 centaurs
  4 lemures
  3 elf zombies (D:4)
  21 bullfrogs
  3 big kobolds
  An elf skeleton (D:4)
  4 scorpions
  16 jellies
  14 killer bees
  14 wights
  7 electric eels
  3 howler monkeys
  2 bullfrog zombies
  4 centaur zombies
  4 hounds
  3 centaur skeletons
  14 orc priests
  6 human zombies
  3 bullfrog skeletons
  2 iguanas
  2 human skeletons (D:4)
  20 orc wizards
  A hell rat (D:14)
  13 worker ants
  A big kobold zombie (Ossuary)
  3 hound zombies
  3 hound skeletons
  3 mummies (Ossuary)
  14 gnolls
  A howler monkey skeleton (D:5)
  19 adders
  2 river rats
  2 white imps
  An ufetubus (D:6)
  An ooze (D:5)
  8 adder zombies (Ossuary)
  2 adder skeletons
  A dart slug (D:3)
  2 worms
  9 leopard geckos
  79 orcs
  2 giant cockroaches
  A gnoll zombie (Ossuary)
  9 goblins
  11 hobgoblins
  13 jackals
  20 kobolds
  3 quokkas
  17 bats
  5 frilled lizards
  5 goblin zombies (Ossuary)
  4 hobgoblin zombies (Ossuary)
  6 jackal zombies (Ossuary)
  2 kobold zombies (Ossuary)
  2 orc zombies (Ossuary)
  A quokka zombie (Ossuary)
  7 rats
  A rat zombie (Ossuary)
874 creatures vanquished.

Vanquished Creatures (collateral kills)
  A cane toad (Lair:1)
  A water moccasin (Lair:1)
2 creatures vanquished.

Vanquished Creatures (others)
  2 bloated husks (Swamp:2)
  2 humans (Lair:6)
  30 foxfires
  74 fungi
  132 plants
  2 withered plants (Swamp:1)
242 creatures vanquished.

Grand Total: 1118 creatures vanquished

Notes
Turn   | Place    | Note
-------+----------+-------------------------------------------
     0 | D:1      | promet the Minotaur Fighter began the quest for the Orb.
     0 | D:1      | Reached XP level 1. HP: 19/19 MP: 0/0
     3 | D:1      | Gained mutation: You are resistant to electric shocks.
                  | (rElec) [potion of mutation]
     3 | D:1      | Gained mutation: You are frail. (-10% HP) [potion of
                  | mutation]
     3 | D:1      | Gained mutation: You are partially covered in rugged brown
                  | scales. (AC +1, +3% HP) [potion of mutation]
     3 | D:1      | Lost mutation: You are frail. (-10% HP) [potion of
                  | mutation]
   306 | D:1      | Reached XP level 2. HP: 27/27 MP: 1/1
   604 | D:1      | Reached XP level 3. HP: 41/41 MP: 2/2
   909 | D:2      | Noticed a bullfrog
   920 | D:2      | Killed a bullfrog
   921 | D:2      | Reached XP level 4. HP: 49/49 MP: 3/3
  1228 | D:2      | Reached XP level 5. HP: 53/54 MP: 4/4
  1294 | D:2      | Found an ornate altar of the Wu Jian Council.
  1294 | D:2      | Found a broken altar of Ashenzari.
  1294 | D:2      | Found a shadowy altar of Dithmenos.
  1347 | D:2      | Became a worshipper of the Wu Jian Council
  1405 | D:2      | Lost mutation: You are partially covered in rugged brown
                  | scales. (AC +1, +3% HP) [potion of mutation]
  1405 | D:2      | Gained mutation: You have a pair of large horns on your
                  | head. [potion of mutation]
  1405 | D:2      | Gained mutation: You are robust. (+10% HP) [potion of
                  | mutation]
  1681 | D:2      | Found a burning altar of Makhleb.
  2130 | D:3      | Reached * piety under Wu Jian
  2389 | D:3      | Reached XP level 6. HP: 68/68 MP: 5/5
  2850 | D:4      | Reached XP level 7. HP: 60/75 MP: 6/6
  2977 | D:4      | Found a sand-covered staircase.
  2989 | Ossuary  | Entered an ossuary
  3068 | Ossuary  | Reached skill level 5 in Axes
  3121 | Ossuary  | Reached ** piety under Wu Jian
  3474 | Ossuary  | Reached skill level 1 in Dodging
  3624 | D:4      | Noticed Menkaure
  3643 | D:4      | Killed Menkaure
  3644 | D:4      | Reached XP level 8. HP: 44/85 MP: 7/7
  4183 | D:4      | Found a staircase to the Ecumenical Temple.
  4542 | D:4      | Found a glowing silver altar of Zin.
  4654 | D:5      | Entered Level 5 of the Dungeon
  4775 | D:5      | Reached *** piety under Wu Jian
  5015 | D:5      | You fall into a shaft and drop 2 floors!
  5069 | D:6      | Got a crude buckler
  5125 | D:5      | Identified the +3 buckler of Weirdness {rF+ Slay+3} (You
                  | found it on level 6 of the Dungeon)
  5521 | D:5      | Found a sacrificial altar of Ru.
  6183 | D:6      | Reached XP level 9. HP: 93/93 MP: 8/8
  6191 | D:6      | Found Otexex's Jewellery Emporium.
  7177 | D:7      | Noticed Pikel
  7452 | D:6      | Bought an uncursed amulet of reflection for 360 gold pieces
  7503 | D:6      | Reached skill level 10 in Fighting
  7861 | D:7      | Found a stormy altar of Qazlal.
  7921 | D:7      | Found Neivelie's Gadget Boutique.
  8061 | D:7      | Noticed Joseph
  8064 | D:7      | Found Zorial's Gadget Emporium.
  8065 | D:7      | Found Tuacegi's Distillery.
  8076 | D:7      | Killed Joseph
  8220 | D:7      | Bought a potion of curing for 36 gold pieces
  8382 | D:7      | Killed Pikel
  8508 | D:7      | Got a scorched ivory ring
  8829 | D:7      | Found Qesamn's Magic Scroll Shop.
  8835 | D:7      | Bought a scroll of teleportation for 42 gold pieces
  9270 | D:8      | Reached XP level 10. HP: 101/103 MP: 9/9
  9598 | D:8      | Reached **** piety under Wu Jian
 10183 | D:9      | Reached skill level 1 in Slings
 10728 | D:9      | Reached skill level 10 in Axes
 10845 | D:9      | Noticed Harold
 10853 | D:9      | Noticed Prince Ribbit
 10937 | D:9      | Killed Harold
 10996 | D:9      | Killed Prince Ribbit
 11299 | D:9      | Found a staircase to the Orcish Mines.
 11377 | D:10     | Entered Level 10 of the Dungeon
 11612 | D:10     | Identified the ring "Zaol Pad" {*Tele rC+++ Str-2 Int+4
                  | Dex-2 SInv} (You found it on level 7 of the Dungeon)
 11895 | D:10     | Reached ***** piety under Wu Jian
 12032 | D:10     | Found a runed translucent door.
 12032 | D:10     | Found a shimmering altar of Xom.
 12032 | D:10     | Noticed axecop's ghost (journeyman NaDe)
 12032 | D:10     | Noticed a +1 halberd of chaos
 12533 | D:11     | Identified 3 scrolls of acquirement
 12533 | D:11     | Acquired 853 gold pieces
 12596 | D:11     | Noticed Erolcha
 12605 | D:11     | Killed Erolcha
 12606 | D:11     | Reached XP level 11. HP: 114/114 MP: 10/10
 12775 | D:11     | Acquired 858 gold pieces
 12787 | D:11     | Acquired a manual of Dodging
 12913 | D:11     | Reached skill level 1 in Stealth
 12922 | D:11     | Found a staircase to the Lair.
 13073 | D:11     | Noticed Grum
 13079 | D:11     | Killed Grum
 13112 | D:11     | Noticed Gastronok
 13189 | D:11     | Killed Gastronok
 13190 | D:11     | Reached skill level 5 in Dodging
 13483 | D:11     | Noticed a two-headed ogre
 13488 | D:11     | Killed a two-headed ogre
 13557 | D:11     | Found a runed translucent door.
 13559 | D:11     | Noticed teolandon225's ghost (journeyman GrGl)
 13751 | Orc:1    | Entered Level 1 of the Orcish Mines
 13860 | Orc:1    | Reached skill level 10 in Shields
 14179 | Orc:2    | Entered Level 2 of the Orcish Mines
 14631 | Orc:2    | Found a staircase to the Elven Halls.
 15423 | Orc:2    | Noticed an orc knight
 15437 | Orc:2    | Noticed an orc high priest
 15656 | Orc:2    | Noticed an orc sorcerer
 15658 | Orc:2    | Noticed a sixfirhy
 15674 | Orc:2    | Killed an orc sorcerer
 15738 | Orc:2    | Reached XP level 12. HP: 124/124 MP: 11/11
 15900 | Orc:2    | Killed an orc high priest
 16108 | Orc:2    | Noticed an orc high priest
 16138 | Orc:2    | Killed an orc high priest
 16419 | Orc:2    | Noticed an orc high priest
 16430 | Orc:2    | Paralysed by an orc sorcerer for 3 turns
 16782 | Orc:2    | Killed an orc high priest
 16783 | Orc:2    | Reached skill level 10 in Armour
 16783 | Orc:2    | Reached skill level 1 in Evocations
 16886 | Orc:2    | Found Eradiwes's Antique Weapon Shoppe.
 16886 | Orc:2    | Found Dabrin's Weapon Shoppe.
 16888 | Orc:2    | Found Enwischei's Antique Weapon Shop.
 16888 | Orc:2    | Found Mipnifir's Armour Shop.
 17331 | Orc:2    | Bought a hand crossbow for 98 gold pieces
 17347 | Orc:2    | Bought a +3 scale mail of poison resistance for 322 gold
                  | pieces
 17347 | Orc:2    | Bought a +2 buckler of protection for 301 gold pieces
 18262 | Lair:1   | Entered Level 1 of the Lair of Beasts
 18262 | Lair:1   | Noticed a seven-headed hydra
 18273 | D:11     | Killed a seven-headed hydra
 18594 | Orc:2    | Bought the +8 mace "Demonbane" {vorpal, rC- Will+ Stlth+}
                  | for 529 gold pieces
 18777 | Lair:1   | Reached skill level 1 in Crossbows
 18845 | Lair:1   | Learned a level 1 spell: Animate Skeleton
 19483 | Lair:1   | Reached skill level 10 in Dodging
 19653 | Lair:1   | Reached XP level 13. HP: 130/130 MP: 12/12
 20090 | Lair:2   | Noticed Maggie
 20109 | Lair:2   | Killed Maggie
 20187 | Lair:2   | Identified the +0 leather armour of Lumatij {Regen+ Int+4}
                  | (You found it on level 2 of the Lair of Beasts)
 20300 | Lair:2   | Reached ****** piety under Wu Jian
 20387 | Lair:2   | Reached skill level 1 in Maces & Flails
 20588 | Lair:2   | Found a staircase to the Swamp.
 20882 | Lair:2   | Noticed Urug
 20909 | Lair:2   | Killed Urug
 22251 | Lair:3   | Identified the +7 morningstar "Dun Pia" {protect, rC- rN++
                  | Str-2 Stlth+} (You found it on level 3 of the Lair of
                  | Beasts)
 23069 | Lair:3   | Reached skill level 15 in Axes
 23499 | Lair:4   | Found a hole to the Spider Nest.
 23864 | Lair:4   | Noticed Josephine
 23874 | Lair:4   | Killed Josephine
 24058 | Lair:4   | Reached skill level 5 in Maces & Flails
 24613 | Lair:5   | Reached XP level 14. HP: 135/146 MP: 13/13
 24990 | Lair:5   | Found a staircase to the Slime Pits.
 25845 | Lair:6   | Entered Level 6 of the Lair of Beasts
 26067 | Lair:6   | Identified the +1 scale mail of Context {-Tele +Fly rN+}
                  | (You found it on level 6 of the Lair of Beasts)
 26548 | Lair:6   | Reached skill level 15 in Fighting
 26833 | Lair:6   | Noticed Kirke
 26848 | Lair:6   | Noticed a sphinx
 28529 | Lair:4   | Killed Kirke
 28748 | Lair:6   | Reached skill level 1 in Unarmed Combat
 28794 | Lair:6   | Got an ancient great sword
 28795 | Lair:6   | Identified the cursed +1 great sword "Vobarr" {vorpal,
                  | rElec Int+5} (You found it on level 6 of the Lair of
                  | Beasts)
 29579 | Lair:6   | Learned a level 1 spell: Sandblast
 29584 | Lair:6   | Got a coiled granite ring
 29585 | Lair:6   | Identified Heq Gied's Grimoire of the Flying Rocks
 30590 | D:12     | Reached XP level 15. HP: 147/157 MP: 14/14
 30639 | D:12     | Found Yrouwk's Weapon Shoppe.
 31152 | D:13     | Identified the ring "Nowen" {rElec Int+6} (You found it on
                  | level 6 of the Lair of Beasts)
 32668 | D:14     | Found a transporter.
 33226 | D:14     | Noticed Cofimnas's ghost (journeyman FoFi)
 33237 | D:14     | Found a transporter.
 33250 | D:14     | Noticed an iron dragon
 33838 | D:14     | Got an ancient hand crossbow
 33839 | D:14     | Identified the +7 hand crossbow "Death Rattle" {penet, rF+
                  | Int+2} (You found it on level 14 of the Dungeon)
 34058 | D:12     | Bought 11 bolts for 30 gold pieces
 34222 | D:14     | Acquired a +3 executioner's axe of flaming
 34255 | D:14     | Acquired 843 gold pieces
 34660 | D:15     | Entered Level 15 of the Dungeon
 35369 | D:15     | Found a staircase to the Depths.
 35515 | D:15     | Found a flickering gateway to a bazaar.
 36075 | Swamp:1  | Entered Level 1 of the Swamp
 36970 | Swamp:1  | Found a runed translucent door.
 36973 | Swamp:1  | Identified the +6 dagger of Ointment {vorpal, Will+ MP+9
                  | Int+6}
 36973 | Swamp:1  | Noticed Cheops's ghost (adept DgEE)
 36974 | Swamp:1  | Identified the +4 spear of the Goat {drain, *Corrode Str+4}
 37121 | Swamp:1  | Reached XP level 16. HP: 160/170 MP: 16/16
 39485 | Swamp:2  | Reached skill level 5 in Throwing
 41321 | Swamp:3  | Reached skill level 5 in Crossbows
 41849 | Swamp:3  | Found a large runed translucent door.
 41849 | Swamp:3  | Found a large runed translucent door.
 41851 | Swamp:3  | Noticed Qemahefa's ghost (adept GrFi)
 42455 | Swamp:1  | Cast into level 4 of the Abyss (Cheops's ghost)
 42466 | Abyss:4  | Noticed a hellephant
 42506 | Abyss:4  | Demolished by a hellephant

Illustrated notes

Levels and vault maps discovered:
D:1:      nicolae_arrival_somewhat_less_tricky_arrival, layout_basic
D:2:      layout_basic, overflow_temple_1_default,
          gammafunk_temple_overflow_forgotten
D:3:      layout_loops_ring, kennysheep_generic_room_12
D:4:      layout_basic, minmay_temple_entry_junction,
          nicolae_ossuary_entry_catacombs, corexii_hall_statues_i,
          kennysheep_diamond, uniq_menkaure
D:5:      layout_basic, nicolae_ru_the_path_less_chosen
D:6:      layout_basic, minmay_shop_enchanted_jewellery, grunt_decor_clamped,
          minmay_liquid_box, serial_bayou_lagoon_a,
          hangedman_abyss_or_decor_stabs, kennysheep_small_square
D:7:      layout_loops_cross, basic_altar, serial_shops, shop, shop,
          kennysheep_little_box, nicolae_shop_crystal, uniq_pikel, uniq_joseph
D:8:      layout_loops_cross
D:9:      layout_basic, hiddenorc1_lemuel, uniq_harold, uniq_prince_ribbit1
D:10:     layout_basic, ebering_ghost_xom
D:11:     layout_roguey, david_lair_generic, ebering_ghost_reflecting_pool,
          uniq_gastronok, uniq_grum, uniq_erolcha
D:12:     layout_cave_pools, serial_shops, nicolae_shop_waterfront, st_stairs_7
D:13:     layout_basic
D:14:     lemuel_vampire_tower, layout_rooms, grunt_vaults_entry_tiered,
          gammafunk_ghost_berserking_beasts, hangedman_decor_riveting,
          chequers_decorated_corner, minmay_librarian
D:15:     hangedman_depths_entry_try_elsewhere_first, layout_cave_pools,
          grunt_decor_cap, serial_shops, bzr_in_the_mist, evilmike_butchery
Lair:1:   minmay_lair_venomous_thicket, layout_regular_city
Lair:2:   layout_small_grid, palyth_hydra_swamp_entry, uniq_maggie, uniq_urug
Lair:3:   layout_chaotic_city, chequers_serial_rivers_micro_d
Lair:4:   layout_concentric_octagons, spider_nest_entry_webs,
          portal_ice_cave_rime, serial_bayou_shore_a, uniq_josephine
Lair:5:   layout_loops_ring, minmay_slime_entry_jelly_boxes, st_stairs_6,
          grunt_forest_small_clearing_treed
Lair:6:   gammafunk_lair_ancient_temple, layout_hall_layers,
          columned_hall_lemuel, ice2_lemuel, uniq_kirke
Swamp:1:  layout_basic_swamp, ebering_ghost_funeral_grove,
          evilmike_swamp_ruin_house_5, swamp_pool1
Swamp:2:  layout_basic_swamp, nicolae_swamp_treefoil, swamp_pool1,
          hangedman_swamp_lotus
Swamp:3:  layout_falls_marsh, ebering_ghost_disaster_area,
          evilmike_swamp_ruin_rubble_2
Orc:1:    layout_caves, nicolae_orc_lava_room
Orc:2:    st_orc_elflike, layout_diamond_mine
Abyss:4:  base: Swamp:1, hangedman_abyss_stitches_cave,
          guppyfry_abyss_exit_glass_guarded,
          hangedman_abyss_or_decor_jellyfish_corner

Skill      XL: |  1  2  3  4  5  6  7  8  9 10 11 12 13 14 15 16 |
---------------+-------------------------------------------------+-----
Fighting       | 4 8 9 10 11 12 14 15 17 18 | 18.1
Shields        | 6 7 8 9 10 11 12 13 | 13.4
Throwing       | 3 4 5 |  5.0
Armour         | 6 7 8 9 10 11 12 | 12.0
Axes           | 3 4 6 7 9 11 13 14 15 16 17 18 | 18.3
Dodging        | 1 2 7 10 11 12 | 12.3
Slings         | 1 3 |  3.8
Stealth        | 1 2 |  2.0
Evocations     | 1 |  1.3
Crossbows      | 2 3 4 5 |  5.2
Maces & Flails | 5 7 8 |  8.3
Unarmed Combat | 1 |  1.4
Polearms       | |  0.2
Spellcasting   | |  0.8
Necromancy     | |  0.5

Action                   |  1- 3 |  4- 6 |  7- 9 | 10-12 | 13-15 | 16-18 || total
-------------------------+-------+-------+-------+-------+-------+-------++-------
Melee: War axe           |    46 |   140 |   389 |    37 |       |       ||   612
       Headbutt          |     8 |    24 |    69 |   119 |   259 |    40 ||   519
       Broad axe         |       |       |       |   613 |   783 |    48 ||  1444
       Hunting sling     |       |       |       |     1 |       |       ||     1
       Trident           |       |       |       |     5 |       |       ||     5
       Morningstar       |       |       |       |       |   244 |    31 ||   275
       Mace              |       |       |       |       |    34 |     6 ||    40
       Dagger            |       |       |       |       |     7 |       ||     7
       Unarmed           |       |       |       |       |    34 |       ||    34
       Executioner's axe |       |       |       |       |   143 |   146 ||   289
       Punch             |       |       |       |       |       |     1 ||     1
 Fire: Hunting sling     |       |       |     8 |    54 |       |       ||    62
       Hand crossbow     |       |       |       |     7 |    51 |    35 ||    93
       Triple crossbow   |       |       |       |       |       |    19 ||    19
Throw: Dart              |       |     3 |    37 |       |       |       ||    40
       Boomerang         |       |       |       |    27 |    21 |    10 ||    58
 Cast: Animate Skeleton  |       |       |       |     3 |     2 |       ||     5
Invok: Lunge             |       |     7 |    26 |    58 |    75 |    13 ||   179
       Whirlwind         |       |     3 |     5 |    65 |   134 |    33 ||   240
       Serpent's Lash    |       |       |       |     2 |       |       ||     2
       Heavenly Storm    |       |       |       |       |       |     2 ||     2
 Abil: Wall Jump         |       |       |     7 |    37 |    11 |       ||    55
       Evoke Flight      |       |       |       |       |     3 |       ||     3
       Stop Flying       |       |       |       |       |     2 |       ||     2
Evoke: Wand              |       |       |       |    10 |     9 |     1 ||    20
       Box of beasts     |       |       |       |       |     1 |       ||     1
       Tin of tremorston |       |       |       |       |     1 |       ||     1
       Condenser vane    |       |       |       |       |     1 |       ||     1
  Use: Scroll            |     2 |     4 |     5 |    18 |    31 |     6 ||    66
       Potion            |     2 |     6 |     6 |     1 |     7 |     5 ||    27
 Stab: Distracted        |       |       |       |     1 |     1 |       ||     2
Armor: Scale mail        |    20 |    49 |    96 |    49 |   228 |   160 ||   602
       Plate armour      |       |       |       |   176 |   238 |       ||   414
       Acid dragon scale |       |       |       |       |     5 |       ||     5
Dodge: Dodged            |     8 |    40 |   113 |   152 |   529 |   148 ||   990
Block: Kite shield       |    21 |    85 |   108 |       |       |       ||   214
       Buckler           |       |       |    79 |   321 |   610 |       ||  1010
       Reflection        |       |       |     2 |     7 |    60 |     6 ||    75
       Other             |       |       |       |       |    64 |    44 ||   108
       Tower shield      |       |       |       |       |       |    64 ||    64
